AoeStats
← tcesurya

Arabia

504210368Analyzed
1v1 RM · 27d ago on Sep 4, 2026· 28m 39s· 2 players
Game mode
Random Map
Map size
Tiny (2 player)
Population
200
Speed
Normal
Resources
Standard
Victory
Conquest
Starting age
Dark Age
Ending age
Imperial Age
RankedLock teamsTeams togetherTeam positionsShared explorationLock speedFull tech treeHidden civsTurbo modeCheats
Victory
Defeat
🇬🇧 Britons · United Kingdom
929
+16
🇮🇳 Britons · India
919
-16
tcesurya
6:12 Loom
10:27 Feudal Age
20:09 Castle Age
22:11 Scale Barding Armor
23:03 Forging
28:37 Double-Bit Axe
joeldias246
6:09 Loom
9:08 Feudal Age
10:42 Double-Bit Axe
15:31 Fletching
17:18 Wheelbarrow
21:06 Castle Age
19:23 Gold Mining
19:27 Horse Collar
21:21 Crossbowman
23:39 Bow Saw
25:39 Bodkin Arrow
27:41 Padded Archer Armor
28:32 Heavy Plow
Connection lost

Rejoining the realm…

Still unreachable

The connection could not be restored.

Session expired

The server has moved on; the page needs a fresh start.